Map: Torres Crepusculares

Players

Zinho

  • Race: Protoss Protoss
  • League: Master

TheZergLord - Winner!

  • Race: Zerg Zerg
  • League: Master

VOD

Have the link to the VOD?

Description

Time

  • Played on: Feb. 25, 2016, 1:59 p.m.
  • Length: 8:51
Show
View Real Time Build Order
Export as new Build Order

Zinho Protoss 

Build Orders: Nexus First, Phoenix Opening 

Get SALT Encoding   

  12  0:01  Probe (Chrono Boost)  
  13  0:12  Probe (Chrono Boost)  
  14  0:17  Pylon  
  14  0:22  Probe (Chrono Boost)  
  15  0:36  Probe (Chrono Boost)  
  16  0:46  Probe (Chrono Boost)  
  17  1:01  Nexus  
  17  1:10  Gateway  
  17  1:14  Probe (Chrono Boost)  
  18  1:18  Assimilator  
  18  1:23  Assimilator  
  18  1:26  Probe (Chrono Boost)  
  19  1:37  Gateway  
  20  1:40  Probe (Chrono Boost)  
  20  1:50  Probe (Chrono Boost)  
  21  1:58  Cybernetics Core  
  21  2:02  Probe (Chrono Boost)  
  22  2:13  Probe (Chrono Boost)  
  23  2:16  Probe (Chrono Boost)  
  24  2:23  Probe (Chrono Boost)  
  24  2:26  Probe (Chrono Boost)  
  26  2:34  Probe (Chrono Boost), Adept x2 (Chrono Boost)  
  31  2:37  Warp Gate, Probe  
  32  2:46  Stargate  
  32  2:51  Probe x2  
  34  2:56  Pylon  
  34  3:03  Mothership Core  
  36  3:07  Pylon  
  36  3:10  Adept (Chrono Boost)  
  38  3:15  Adept (Chrono Boost)  
  38  3:16  Probe  
  41  3:24  Probe  
  42  3:28  Probe  
  42  3:31  Phoenix (Chrono Boost)  
  45  3:36  Probe  
  46  3:47  Nexus  
  46  3:56  Pylon  
  46  3:58  Pylon  
  46  4:01  Phoenix (Chrono Boost), Probe (Chrono Boost)  
  48  4:05  Probe  
  50  4:12  Probe  
  51  4:17  Twilight Council  
  51  4:22  Probe x2  
  51  4:23  Phoenix (Chrono Boost)  
  54  4:31  Gateway  
  55  4:35  Gateway  
  55  4:36  Pylon, Probe  
  56  4:44  Phoenix (Chrono Boost)  
  58  4:47  Probe x2  
  58  4:50  Assimilator  
  60  4:54  Assimilator  
  60  4:55  Resonating Glaives (Chrono Boost)  
  60  4:59  Probe x2  
  61  5:01  Probe  
  63  5:17  Probe  
  63  5:18  Probe  
  65  5:24  Probe, Adept x2  
  65  5:25  Robotics Facility  
  65  5:27  Gateway  
  70  5:29  Gateway, Probe  
  70  5:30  Probe  
  70  5:31  Phoenix  
  74  5:42  Adept x2  
  78  5:43  Probe x3  
  81  5:51  Adept x2  
  85  6:03  Probe  
  85  6:04  Probe x2  
  85  6:05  Assimilator  
  85  6:08  Pylon, Assimilator  
  85  6:09  Adept  
  90  6:11  Adept  
  90  6:13  Probe  
  93  6:20  Pylon  
  93  6:24  Forge  
  93  6:25  Warp Prism (Chrono Boost)  
  93  6:26  Probe x2  
  93  6:27  Probe  
  93  6:29  Pylon  
  98  6:36  Probe  
  98  6:38  Probe  
  98  6:39  Probe  
  101  6:49  Adept x5  
  101  6:50  Adept  
  101  6:53  Probe  
  114  7:02  Pylon  
  114  7:03  Observer (Chrono Boost)  
  115  7:12  Probe  
  115  7:15  Probe  
  117  7:21  Templar Archives  
  117  7:22  Immortal (Chrono Boost)  
  121  7:27  Probe  
  122  7:31  Probe  
  122  7:33  Adept  
  123  7:45  Zealot  
  123  7:46  Robotics Facility  
  123  7:49  Pylon  
  117  7:56  Immortal (Chrono Boost)  
  111  8:02  Zealot x2  
  111  8:03  Zealot x3  
  107  8:08  Phoenix  
  109  8:13  Pylon  
  109  8:15  Pylon  
  109  8:18  Pylon  
  107  8:23  High Templar x4  
  107  8:24  High Templar x2  
  119  8:27  Archon x2  
  119  8:28  Archon  
Show
View Real Time Build Order
Export as new Build Order

TheZergLord Zerg - Winner!

Build Orders: Hatch First 

Get SALT Encoding   

  12  0:01  Drone  
  13  0:12  Overlord  
  13  0:17  Drone  
  14  0:31  Drone x2  
  14  0:34  Drone  
  17  0:52  Hatchery  
  17  0:55  Drone  
  17  0:59  Drone  
  18  1:10  Extractor  
  17  1:13  Spawning Pool  
  17  1:16  Drone  
  17  1:21  Drone  
  18  1:28  Drone  
  19  1:40  Overlord  
  19  1:55  Drone  
  19  2:01  Queen  
  20  2:02  Zergling x2  
  20  2:05  Queen  
  20  2:06  Drone  
  26  2:11  Drone  
  26  2:13  Metabolic Boost  
  27  2:17  Drone  
  27  2:22  Drone  
  29  2:27  Drone  
  30  2:38  Hatchery  
  30  2:41  Drone  
  30  2:46  Queen  
  32  2:51  Overlord  
  32  2:54  Drone  
  32  2:58  Drone  
  34  3:00  Zergling x4  
  36  3:10  Zergling x2  
  37  3:15  Overlord  
  37  3:16  Drone  
  37  3:17  Drone x4  
  42  3:25  Overlord  
  42  3:40  Lair  
  42  3:41  Drone x3  
  42  3:42  Drone  
  42  3:44  Roach Warren  
  42  3:45  Extractor  
  44  3:52  Drone x2  
  44  3:53  Drone x3  
  49  3:59  Queen  
  49  4:01  Drone  
  52  4:03  Drone  
  52  4:09  Drone x4  
  57  4:13  Spore Crawler  
  57  4:16  Spore Crawler  
  55  4:17  Drone  
  55  4:21  Spore Crawler  
  55  4:31  Overlord  
  55  4:32  Overlord  
  55  4:33  Overlord  
  55  4:34  Overlord  
  55  4:35  Roach  
  55  4:38  Glial Reconstitution  
  57  4:52  Roach x4  
  65  4:53  Roach  
  67  5:02  Drone x9  
  67  5:04  Drone  
  77  5:12  Drone x5  
  82  5:23  Overlord x2  
  82  5:24  Overlord  
  82  5:33  Extractor  
  81  5:35  Hydralisk Den  
  81  5:36  Evolution Chamber  
  81  5:37  Extractor  
  81  5:38  Extractor  
  81  5:39  Extractor  
  81  5:40  Overlord x2  
  76  5:46  Hatchery  
  76  5:48  Drone x6  
  76  5:49  Drone x2  
  82  6:02  Overlord  
  80  6:05  Zerg Missile Weapons Level 1, Muscular Augments  
  80  6:14  Drone  
  80  6:15  Drone x2  
  80  6:16  Drone  
  80  6:17  Drone x3  
  87  6:21  Hydralisk x5  
  87  6:22  Hydralisk  
  99  6:28  Hydralisk x2  
  103  6:36  Overlord  
  103  6:38  Overlord  
  103  6:39  Hydralisk x3  
  108  6:49  Roach x6  
  120  6:56  Overlord x3  
  120  7:07  Hydralisk x5  
  130  7:13  Queen  
  132  7:16  Roach x4  
  132  7:18  Roach  
  142  7:41  Roach  
  142  7:42  Roach x11  
  160  8:05  Drone x6  
  160  8:06  Drone x2  
  160  8:08  Overlord x3  
  167  8:26  Roach  
  183  8:27  Roach x9  
Tags
 
Add a new tag
Caveats
  • Supply blocks, unpowered buildings, or Contaminate may cause inaccurate times.
  • Supply counts are checked every 10 seconds.